 Seeded DCSS version 0.28-a0-589-g333b8329f1 (webtiles) character file.

Game seed: 10188814630872536495 (custom seed)

195 a11behringer the Chopper (level 5, -3/45 HPs)
             Began as a Minotaur Fighter on Oct 4, 2021.
             Slain by a gnoll (11 damage)
             ... on level 3 of the Dungeon.
             The game lasted 00:06:44 (2048 turns).

a11behringer the Chopper (Minotaur Fighter)         Turns: 2048, Time: 00:06:44

Health: -3/45      AC:  9    Str: 20    XL:     5   Next: 45%
Magic:  4/4        EV: 10    Int:  5    God:
Gold:   121        SH:  4    Dex: 11    Spells: 4/4 levels left

rFire   . . .      SeeInvis .   a - +0 war axe
rCold   . . .      Faith    .   c - +0 buckler
rNeg    . . .      Spirit   .   b - +0 scale mail
rPois   .          Reflect  .   (helmet restricted)
rElec   .          Harm     .   g - +1 cloak
rCorr   .          Rampage  .   (no gloves)
Will    .....                   (no boots)
Stlth   ..........              (no amulet)
HPRegen 0.15/turn               (no ring)
MPRegen 0.09/turn               (no ring)

@: no status effects
A: horns 2, retaliatory headbutt
a: no special abilities


You were on level 3 of the Dungeon.
You visited 1 branch of the dungeon, and saw 3 of its levels.

You collected 121 gold pieces.

Inventory:

Hand Weapons
 a - a +0 war axe (weapon)
Missiles
 f - 4 silver boomerangs (quivered)
Armour
 b - a +0 scale mail (worn)
 c - a +0 buckler (worn)
 g - a +1 cloak (worn)
Scrolls
 e - 3 scrolls of teleportation {unknown}
 j - a scroll of identify {unknown}
 k - a scroll of noise {unknown}
 l - 2 scrolls of magic mapping {unknown}
 m - a scroll of amnesia {unknown}
 n - a scroll of fear {unknown}
 o - a scroll of vulnerability {unknown}
 q - a scroll of silence {unknown}
Potions
 d - a potion of might
 h - a potion of attraction {unknown}
 i - a potion of flight {unknown}
 p - a potion of curing {unknown}
 r - a potion of mutation {unknown}


   Skills:
 - Level 3.6 Fighting
 * Level 6.7 Axes
 - Level 3.6 Armour
 + Level 1.3 Dodging
 - Level 3.6 Shields


You had 4 spell levels left.
You didn't know any spells.
Your spell library was empty.

Dungeon Overview and Level Annotations

Branches:
Dungeon (3/15)

Altars:


Innate Abilities, Weirdness & Mutations

You have a pair of horns on your head.
You reflexively headbutt those who attack you in melee.


Message History

The gnoll hits you with a +1 spear of venom.
The gnoll hits you but does no damage.
You hit the gnoll.
The gnoll is heavily wounded.
You block the gnoll's attack. The gnoll hits you but does no damage.
You completely miss the gnoll. Your headbutt misses the gnoll.
The gnoll is heavily wounded.
The gnoll closely misses you. You block the gnoll's attack.
The gnoll completely misses you.
You hit the gnoll.
The gnoll is almost dead.
You block the gnoll's attack. The gnoll barely misses you.
You furiously retaliate!
You headbutt the gnoll.
You kill the gnoll!
The gnoll hits you from afar with a +0 spear!
The gnoll hits you with a +1 halberd of protection!
The gnoll hits you with a +0 spear.
Things that are here:
a +1 spear of venom; a gnoll corpse You closely miss the gnoll.
You barely miss the gnoll. You block the gnoll's attack.
The gnoll hits you with a +0 spear. The gnoll completely misses you.
The gnoll hits you but does no damage.
You hit the gnoll.
The gnoll is moderately wounded.
You barely miss the gnoll. The gnoll closely misses you.
The gnoll hits you but does no damage.
You slash the gnoll!
The gnoll is almost dead.
You barely miss the gnoll. The gnoll misses you. You block the gnoll's attack.
You slash the gnoll!
You kill the gnoll!
You hit the gnoll.
The gnoll hits you with a +1 halberd of protection!
* * * LOW HITPOINT WARNING * * *
The gnoll barely misses you. You furiously retaliate!
You headbutt the gnoll.
You see here a +0 spear.
You barely miss the gnoll. Your headbutt misses the gnoll.
The gnoll is heavily wounded.
The gnoll hits you with a +1 halberd of protection!
You die...

#.# #.# ... #.# #.# #.#
### #.# #.# #.. #.# #.#
# #.# ###.# #.#
#...###g######...####.#
#....@)......#......#
#...###.######...###..#
# #.# ###.# #.)# ...
#.# #..# #### #.###..##
#.##..... #......##
####..### #.....


You could see a gnoll.

Vanquished Creatures
  A hound (D:3)
  Natasha (twice) (D:3)
  2 gnolls (D:3)
  2 adders
  5 worms
  6 ball pythons
  2 bats
  5 endoplasms
  5 hobgoblins
  6 jackals
  4 kobolds
  6 quokkas
  8 frilled lizards
  5 goblins
  4 rats
63 creatures vanquished.

Vanquished Creatures (others)
  12 withered plants (D:3)
12 creatures vanquished.

Grand Total: 75 creatures vanquished

Notes
Turn   | Place    | Note
-------+----------+-------------------------------------------
     0 | D:1      | a11behringer the Minotaur Fighter began the quest for the
                  | Orb.
     0 | D:1      | Reached XP level 1. HP: 19/19 MP: 0/0
    53 | D:1      | Reached skill level 3 in Axes
    62 | D:1      | Reached XP level 2. HP: 14/26 MP: 1/1
   365 | D:1      | Reached skill level 4 in Axes
   894 | D:2      | Reached XP level 3. HP: 31/31 MP: 2/2
  1271 | D:2      | Reached skill level 1 in Dodging
  1387 | D:2      | Reached skill level 5 in Axes
  1603 | D:3      | Reached XP level 4. HP: 32/39 MP: 3/3
  1694 | D:3      | Noticed Natasha
  1702 | D:3      | Killed Natasha
  1781 | D:3      | Reached skill level 6 in Axes
  1781 | D:3      | Reached XP level 5. HP: 45/45 MP: 4/4
  1826 | D:3      | Noticed Natasha
  1836 | D:3      | Killed Natasha
  2048 | D:3      | Slain by a gnoll

Illustrated notes

Levels and vault maps discovered:
D:1:      dpeg_arrival_three_same_balls, layout_basic
D:2:      kennysheep_big_flooded_room, layout_basic, chequers_arboretum,
          kennysheep_generic_room_4
D:3:      layout_loops_ring, ebering_ecumenical_altar_petrified, uniq_natasha

Skill      XL: |  1  2  3  4 |
---------------+-------------+-----
Axes           | 3 4 5 6 |  6.7
Dodging        | 1 |  1.3
Fighting       | |  3.6
Armour         | |  3.6
Shields        | |  3.6

Action                   |  1- 3 |  4- 6 || total
-------------------------+-------+-------++-------
Melee: War axe           |    93 |    42 ||   135
       Headbutt          |    16 |     5 ||    21
Armor: Scale mail        |    37 |    19 ||    56
Dodge: Dodged            |    52 |    25 ||    77
Block: Buckler           |    18 |    10 ||    28

Table legend: (Time is in decaauts)
 A = Elapsed time spent in this place.
 B = Non-inter-level travel time spent in this place.
 C = Inter-level travel time spent in this place.
 D = Time resting spent in this place.
 E = Time spent auto-exploring this place.
 F = Levels seen in this place.
 G = Mean time per level.
                   A        B        C        D        E       F      G
               +--------+--------+--------+--------+--------+-----+--------+
         Total |   2085 |   1806 |    279 |      0 |   1410 |   3 |  695.0 |
       Dungeon |   2085 |   1806 |    279 |      0 |   1410 |   3 |  695.0 |
               +--------+--------+--------+--------+--------+-----+--------+

Top non-repeatable levels by time:
     D:1: 898 daAuts
     D:2: 722 daAuts
     D:3: 464 daAuts
